 Dungeon Crawl Stone Soup version 0.20-a0-548-g4f8a798 (webtiles) character file.

67 volk64 the Ruffian (level 4, 0/44 HPs)
             Began as a Troll Monk on Feb 1, 2017.
             Was a Believer of Ashenzari.
             Slain by Alarkh's ghost (9 damage)
             ... on level 3 of the Dungeon.
             The game lasted 00:05:18 (1845 turns).

volk64 the Ruffian (Troll Monk)                     Turns: 1845, Time: 00:05:19

Health: 0/44       AC:  5    Str: 20    XL:     4   Next: 0%
Magic:  3/3        EV: 10    Int:  6    God:    Ashenzari [**....]
Gold:   53         SH:  0    Dex: 12    Spells: 3/3 levels left

rFire    . . .     SeeInvis .     - Unarmed
rCold    . . .     Gourm    +   a - +0 robe
rNeg     . . .     Faith    .   (no shield)
rPois    .         Spirit   .   (helmet restricted)
rElec    .         Reflect  .   (no cloak)
rCorr    .         Harm     .   (gloves unavailable)
MR       .....                  (boots unavailable)
Stlth    ++........             (no amulet)
Regen    0.6/turn               (no ring)
                                (no ring)

@: no status effects
A: unfitting armour, claws 3, fast metabolism 3, gourmand, regeneration 1,
shaggy fur 1, tough skin 2
a: Curse Item, Scrying, Renounce Religion


You were on level 3 of the Dungeon.
You worshipped Ashenzari.
Ashenzari was pleased with you.
You were completely stuffed.

You visited 1 branch of the dungeon, and saw 3 of its levels.

You collected 53 gold pieces.

Inventory:

Armour
 a - a +0 robe (worn)
Scrolls
 d - 3 scrolls of identify
 e - a scroll of fear
 f - a scroll of random uselessness
Potions
 c - a potion of agility
Comestibles
 b - 2 bread rations
 g - 9 chunks of flesh
 h - 2 fruits
 i - a meat ration


   Skills:
 + Level 2.8 Fighting
 + Level 2.7 Dodging
 + Level 1.2 Stealth
 + Level 4.1 Unarmed Combat


You had 3 spell levels left.
You didn't know any spells.

Dungeon Overview and Level Annotations

Branches:
Dungeon (3/15)

Altars:
Ashenzari

Annotations:
D:3 Alarkh's ghost, amateur DsMo


Innate Abilities, Weirdness & Mutations

You are too large for most types of armour.
You have claws for hands.
Your metabolism is lightning-fast.
You like to eat raw meat.
Your natural rate of healing is unusually fast.
You are covered in fur. (AC +1)
You have very tough skin. (AC +2)


Message History

The hobgoblin closely misses you. The kobold hits you but does no damage.
Alarkh's ghost barely misses you.
You closely miss Alarkh's ghost.
Alarkh's ghost is severely damaged.
The hobgoblin hits you but does no damage.
The kobold closely misses you. Alarkh's ghost hits you.
* * * LOW HITPOINT WARNING * * *
You closely miss Alarkh's ghost.
Alarkh's ghost is severely damaged.
The hobgoblin misses you. The kobold hits you but does no damage.
Alarkh's ghost hits you.
* * * LOW HITPOINT WARNING * * *
You scratch Alarkh's ghost but do no damage.
Alarkh's ghost is severely damaged.
The hobgoblin barely misses you. The kobold hits you.
* * * LOW HITPOINT WARNING * * *
You closely miss Alarkh's ghost.
Alarkh's ghost is severely damaged.
Alarkh's ghost hits you!
You die...

* * * * , * ,
############ * ,
##..........# ,
.#.###..###.# * ,
.#.#....##* ######### *
.#'#.#...# ...#... * ,
,
.....###.######.#K#.#.#
, *
.......#.#......@gK...#
*
....##.#.#...#.#.W..###
, ....#
.#.#.#.#.#.#...... *
....#
,#...#.#.#.##.###. , *
....# #####.#.#.. .# ,
..>.# #.#.### ,#, ....#
#.#.# ,, * ###.# ,,
..#.. * , .# *** ###, *


You could see Alarkh's ghost, a hobgoblin and 2 kobolds.

Vanquished Creatures
  An ooze (D:1)
  2 dart slugs (D:1)
  3 leopard geckos (D:1)
  7 giant cockroaches
  6 goblins
  11 hobgoblins
  6 jackals (D:2)
  2 bats (D:1)
  A frilled lizard (D:1)
  3 kobolds
  8 rats
50 creatures vanquished.

Notes
Turn   | Place    | Note
-------+----------+-------------------------------------------
     0 | D:1      | volk64 the Troll Monk began the quest for the Orb.
     0 | D:1      | Reached XP level 1. HP: 22/22 MP: 0/0
    81 | D:1      | Reached XP level 2. HP: 29/29 MP: 1/1
   104 | D:1      | Found a shattered altar of Ashenzari.
   119 | D:1      | Became a worshipper of Ashenzari the Shackled
   119 | D:1      | Reached * piety under Ashenzari
   119 | D:1      | Reached ** piety under Ashenzari
   430 | D:1      | Reached XP level 3. HP: 31/36 MP: 2/2
  1381 | D:2      | Reached skill level 4 in Unarmed Combat
  1793 | D:3      | Reached XP level 4. HP: 44/44 MP: 3/3
  1830 | D:3      | Noticed Alarkh's ghost (amateur DsMo)
  1845 | D:3      | Slain by Alarkh's ghost

Vault maps used:
D:1:      dpeg_arrival_line_fractal, interstate_on_off, evilmike_ruin_ashenzari
D:3:      led_xom_imps

Skill      XL: |  1  2  3 |
---------------+----------+-----
Unarmed Combat | 4 |  4.1
Fighting       | |  2.8
Dodging        | |  2.7
Stealth        | |  1.2

Action                   |  1- 3 |  4- 6 || total
-------------------------+-------+-------++-------
Melee: Unarmed           |   120 |    12 ||   132
       Punch             |       |     1 ||     1
  Use: Potion            |     5 |       ||     5
       Scroll            |     3 |       ||     3
 Stab: Sleeping          |     2 |       ||     2
  Eat: Chunk             |    22 |       ||    22
Armor: Robe              |    40 |     7 ||    47
Dodge: Dodged            |    50 |    11 ||    61
